 Dungeon Crawl Stone Soup version 0.26-a0-43-g20b394c (webtiles) character file.

Game seed: 897925371236244092

51 Cheivey the Chopper (level 3, -1/33 HPs)
             Began as a Minotaur Monk on June 2, 2020.
             Slain by a gnoll (2 damage)
             ... on level 2 of the Dungeon.
             The game lasted 00:01:45 (1084 turns).

Cheivey the Chopper (Minotaur Monk)                 Turns: 1084, Time: 00:01:47

Health: -1/33      AC: 10    Str: 16      XL:     3   Next: 57%
Magic:  2/2        EV:  5    Int:  5 (7)  God:
Gold:   66         SH:  0    Dex:  9 (12) Spells: 2/2 levels left

rFire    x . .     SeeInvis .   a - +0 hand axe
rCold    + . .     Gourm    .   (no shield)
rNeg     . . .     Faith    .   g - +0 plate armour
rPois    .         Spirit   .   (helmet restricted)
rElec    .         Reflect  .   (no cloak)
rCorr    .         Harm     .   (no gloves)
MR       .....                  (no boots)
Stlth    ..........             (no amulet)
HPRegen  0.11/turn              b - ring of ice (curse)
MPRegen  0.08/turn              (no ring)

@: no status effects
A: retaliatory headbutt, horns 2
a: no special abilities


You were on level 2 of the Dungeon.
You were hungry.

You visited 1 branch of the dungeon, and saw 2 of its levels.

You collected 66 gold pieces.

Inventory:

Hand Weapons
 a - a +0 hand axe (weapon)
Armour
 g - a +0 plate armour (worn)
Jewellery
 b - a cursed ring of ice (left hand)
Scrolls
 e - a scroll of immolation {unknown}
 f - a scroll of amnesia {unknown}
 i - a scroll of teleportation {unknown}
Comestibles
 c - 4 rations
 d - 4 chunks of flesh


   Skills:
 + Level 4.1 Fighting
 + Level 4.6 Axes
 * Level 1.8 Armour
 - Level 3.3 Dodging
 - Level 1.5 Stealth


You had 2 spell levels left.
You didn't know any spells.
Your spell library was empty.

Dungeon Overview and Level Annotations

Branches:
Dungeon (2/15)

Altars:


Innate Abilities, Weirdness & Mutations

You reflexively headbutt those who attack you in melee.
You have a pair of horns on your head.


Message History

You hit the gnoll.
You kill the gnoll!
You barely miss the gnoll. The gnoll hits you but does no damage.
You closely miss the gnoll. You hit the gnoll.
The gnoll hits you but does no damage. x2
Your plate armour prevents you from hitting the gnoll.
Your headbutt misses the gnoll. You hit the gnoll but do no damage.
The gnoll hits you.
* * * LOW HITPOINT WARNING * * *
The gnoll hits you but does no damage.
You barely miss the gnoll. You hit the gnoll but do no damage.
The gnoll hits you but does no damage. The gnoll hits you.
* * * LOW HITPOINT WARNING * * *
You hit the gnoll.
The gnoll is moderately wounded.
You hit the gnoll.
You kill the gnoll!
You feel your strength returning. The gnoll hits you.
You die...

#.# #.#
#.# #.#
#.# #.#
#.# #..
#.# ###
#.# #.#
#.#
#.########
#.@g......
##########


You could see a gnoll.

Vanquished Creatures
  3 gnolls (D:2)
  A dart slug (D:1)
  4 goblins (D:1)
  4 hobgoblins
  2 bats (D:1)
  A frilled lizard (D:1)
  3 kobolds (D:1)
  3 rats (D:1)
21 creatures vanquished.

Notes
Turn   | Place    | Note
-------+----------+-------------------------------------------
     0 | D:1      | Cheivey the Minotaur Monk began the quest for the Orb.
     0 | D:1      | Reached XP level 1. HP: 19/19 MP: 0/0
   203 | D:1      | Reached XP level 2. HP: 27/27 MP: 1/1
   568 | D:1      | Reached skill level 1 in Armour
  1071 | D:2      | Reached XP level 3. HP: 21/33 MP: 2/2
  1083 | D:2      | HP: 1/33 [gnoll (2)]
  1084 | D:2      | Slain by a gnoll

Illustrated notes

Levels and vault maps discovered:
D:1:      lemuel_arrival_tunnels, layout_basic
D:2:      wad_pebble_path, layout_basic, uniq_terence, uniq_robin, uniq_jessica

Skill      XL: |  1  2 |
---------------+-------+-----
Axes           | 4 |  4.6
Armour         | 1 |  1.8
Fighting       | 4 |  4.1
Dodging        | |  3.3
Stealth        | |  1.5

Action                   || total
-------------------------++-------
Melee: Hand axe          ||    66
       Headbutt          ||     5
  Use: Potion            ||     2
 Stab: Sleeping          ||     1
Armor: Plate armour      ||    54
       Robe              ||     2
Dodge: Dodged            ||    22

Table legend:
 A = Non-vault XP
 B = Vault XP
 C = Vault XP percentage of total XP
 D = Non-vault monster count
 E = Vault monster count
 F = Vault count percentage of total count
                 A         B        C        D         E       F
            +---------+---------+-------+---------+---------+-------
      Total |      73 |       0 |   0.0 |      21 |       0 |   0.0
            +---------+---------+-------+---------+---------+-------
        D:1 |      28 |       0 |   0.0 |      17 |       0 |   0.0
        D:2 |      45 |       0 |   0.0 |       4 |       0 |   0.0
            +---------+---------+-------+---------+---------+-------
